 Dungeon Crawl Stone Soup version 0.28.0 (webtiles) character file.

Game seed: 10864850719142243162

18 SnakkuSnakku7 the Ducker (level 2, -1/23 HPs)
             Began as a Djinni Gladiator on Feb 10, 2022.
             Slain by an endoplasm (3 damage)
             ... on level 1 of the Dungeon.
             The game lasted 00:00:41 (361 turns).

SnakkuSnakku7 the Ducker (Djinni Gladiator)          Turns: 361, Time: 00:00:42

Health: -1/23      AC:  4    Str: 13    XL:     2   Next: 85%
Gold:   15         EV: 12    Int:  9    God:
                   SH:  0    Dex: 14

rFire   + + .      SeeInvis .   a - +0 quarterstaff
rCold   x . .      Faith    .   (shield currently unavailable)
rNeg    . . .      Spirit   .   b - +0 leather armour
rPois   ∞          Reflect  .   c - +0 helmet
rElec   .          Harm     .   (no cloak)
rCorr   .          Rampage  .   (no gloves)
Will    .....                   (boots unavailable)
Stlth   +.........              (no amulet)
HPRegen 0.07/turn               (no ring)
MPRegen 0.00/turn               (no ring)

@: flying
A: sickness immunity, fire resistance 2, cold vulnerability 1, float, innate
caster, HP casting, extra vitality 1
a: no special abilities


You were on level 1 of the Dungeon.
You visited 1 branch of the dungeon, and saw 1 of its levels.

You collected 15 gold pieces.

Inventory:

Hand Weapons
 a - a +0 quarterstaff (weapon)
Missiles
 d - 3 throwing nets (quivered)
Armour
 b - a +0 leather armour (worn)
 c - a +0 helmet (worn)


   Skills:
 - Level 2.0 Fighting
 - Level 2.6 Staves
 - Level 1.5 Throwing
 - Level 3.2 Dodging
 + Level 1.6 Spellcasting


You had 4 spell levels left.
You didn't know any spells.
Your spell library was empty.

Dungeon Overview and Level Annotations

Branches:
Dungeon (1/15)

Altars:


Innate Abilities, Weirdness & Mutations

You are immune to sickness and miasma.
You are immune to poison.
Your flesh is very heat resistant. (rF++)
You are vulnerable to cold. (rC-)
You float through the air rather than walking.
You learn spells naturally, not from books.
Your magical power is your life essence.
You have superior vitality. (+4 MHP)


Message History

The hobgoblin shouts!
The endoplasm quivers.
An endoplasm comes into view.
Found 33 stones.
The endoplasm quivers.
You completely miss the giant cockroach.
The endoplasm barely misses you. The giant cockroach bites you.
You barely miss the giant cockroach. The giant cockroach bites you.
The endoplasm barely misses you. The giant cockroach bites you.
The endoplasm freezes you.
You are frozen!
You feel a terrible chill!
You hit the giant cockroach.
The giant cockroach is severely wounded.
The giant cockroach barely misses you. The giant cockroach closely misses you.
You hit the giant cockroach.
You kill the giant cockroach!
You hit the endoplasm.
The endoplasm is lightly wounded.
The endoplasm hits you.
You hit the endoplasm.
The endoplasm is almost dead.
The endoplasm freezes you.
You are frozen.
You hit the endoplasm.
You kill the endoplasm!
The hobgoblin closely misses you.
You hit the hobgoblin.
The hobgoblin is almost dead.
The hobgoblin hits you.
* * * LOW HITPOINT WARNING * * *
You hit the hobgoblin.
You kill the hobgoblin!
You barely miss the endoplasm. The endoplasm freezes you.
You are frozen.
You feel a terrible chill!
* * * LOW HITPOINT WARNING * * *
You hit the endoplasm.
The endoplasm is severely wounded.
The endoplasm hits you.
You die...

... ##....####
##.. #...#....#
#. #...#..###.#
.. # #.####.# .
.... #)##
..#..###..# #.#
#..[...#### ..
#####.....#
##@##..... #J#
###. #.## #..#
#............
..............#
.####.........#
..........#
###........#


You could see an endoplasm.

Vanquished Creatures
  4 endoplasms (D:1)
  A giant cockroach (D:1)
  2 goblins (D:1)
  A hobgoblin (D:1)
  2 ball pythons (D:1)
  A bat (D:1)
  3 kobolds (D:1)
  3 rats (D:1)
17 creatures vanquished.

Notes
Turn   | Place    | Note
-------+----------+-------------------------------------------
     0 | D:1      | SnakkuSnakku7 the Djinni Gladiator began the quest for the
                  | Orb.
     0 | D:1      | Reached XP level 1. HP: 18/18 MP: 0/0
   125 | D:1      | Reached skill level 1 in Spellcasting
   125 | D:1      | Reached XP level 2. HP: 16/23 MP: 0/0
   360 | D:1      | HP: 1/23 [frozen (4)]
   361 | D:1      | Slain by an endoplasm

Illustrated notes

Levels and vault maps discovered:
D:1:      minmay_arrival_jagged, layout_rooms, feat_on_display

Skill      XL: |  1 |
---------------+----+-----
Spellcasting   | 1 |  1.6
Fighting       | |  2.0
Staves         | |  2.6
Throwing       | |  1.5
Dodging        | |  3.2

Action                   || total
-------------------------++-------
Melee: Quarterstaff      ||    36
Armor: Leather armour    ||     9
Dodge: Dodged            ||    22
